 Dungeon Crawl Stone Soup version 0.26-a0-495-g20a46bd (webtiles) character file.

Game seed: 8380775403093256622

324 pkoi the Ruffian (level 6, -1/51 HPs)
             Began as a Draconian Monk on Aug 5, 2020.
             Was a Believer of Dithmenos.
             Slain by Edmund
             ... wielding a +1 flail of holy wrath
              (11 damage)
             ... on level 4 of the Dungeon on Aug 6, 2020.
             The game lasted 00:07:09 (4583 turns).

pkoi the Ruffian (Draconian Monk)                   Turns: 4583, Time: 00:07:09

Health: -1/51      AC:  7    Str: 14    XL:     6   Next: 23%
Magic:  6/6        EV: 13    Int: 12    God:    Dithmenos [**....]
Gold:   230        SH:  0    Dex: 13    Spells: 5/5 levels left

rFire    . . .     SeeInvis .     - Unarmed
rCold    . . .     Faith    .   (no shield)
rNeg     . . .     Spirit   .   (armour unavailable)
rPois    .         Reflect  .   (helmet restricted)
rElec    .         Harm     .   (no cloak)
rCorr    .                      t - +0 pair of gloves
MR       .....                  (no boots)
Stlth    ++........             (no amulet)
HPRegen  0.17/turn              (no ring)
MPRegen  0.10/turn              (no ring)

@: wreathed by umbra
A: unfitting armour, cold-blooded, AC +6
a: Shadow Step, Renounce Religion


You were on level 4 of the Dungeon.
You worshipped Dithmenos.
Dithmenos was pleased with you.
You visited 2 branches of the dungeon, and saw 5 of its levels.

You collected 230 gold pieces.

Inventory:

Missiles
 f - 38 poisoned darts (quivered)
Armour
 t - a +0 pair of gloves (worn)
Jewellery
 b - a +6 ring of dexterity {unknown}
Scrolls
 a - 2 scrolls of random uselessness {unknown}
 c - a scroll of fog {unknown}
 e - a scroll of remove curse {unknown}
 g - a scroll of magic mapping {unknown}
 i - a scroll of amnesia {unknown}
 l - a scroll of noise {unknown}
 m - 3 scrolls of identify {unknown}
 n - 4 scrolls of teleportation {unknown}
 o - a scroll of fear {unknown}
 p - a scroll of blinking {unknown}
Potions
 d - 2 potions of resistance {unknown}
 h - 2 potions of curing {unknown}
 j - 3 potions of lignification {unknown}
 k - a potion of might {unknown}
 q - a potion of magic {unknown}
 r - a potion of heal wounds {unknown}
 s - a potion of flight {unknown}


   Skills:
 - Level 3.2 Fighting
 - Level 3.3 Dodging
 - Level 1.7 Stealth
 + Level 6.7 Unarmed Combat


You had 5 spell levels left.
You didn't know any spells.
Your spell library was empty.

Dungeon Overview and Level Annotations

Branches:
Dungeon (4/15)             Temple (1/1) D:4

Altars:
Cheibriados
Dithmenos
Elyvilon
Gozag
Hepliaklqana
Kikubaaqudgha
Okawaru
Ru
Trog
Uskayaw
Xom
Yredelemnul
Zin
The Shining One

Annotations:
D:3 1 runed translucent door, bande's ghost, amateur GrFi
D:4 Edmund


Innate Abilities, Weirdness & Mutations

Your plain brown scales are hard. (AC +6)
You cannot fit into any form of body armour.
You are cold-blooded and may be slowed by cold attacks.


Message History

Press: ? - help, Shift-Dir - straight line, f/p - Edmund
Aim: Edmund, wielding a +1 flail of holy wrath and wearing a +0 chain mail (heavily wounded, poisoned, umbra)
You throw a poisoned dart. The poisoned dart hits Edmund.
Edmund is heavily wounded.
Edmund hits you with a +1 flail of holy wrath.
* * * LOW HITPOINT WARNING * * *
Edmund looks more healthy.
Throwing (i - inventory)
f - 39 poisoned darts (quivered)
Press: ? - help, Shift-Dir - straight line, f/p - Edmund
Aim: Edmund, wielding a +1 flail of holy wrath and wearing a +0 chain mail (heavily wounded, umbra)
You throw a poisoned dart. The poisoned dart hits Edmund.
Edmund is poisoned.
Edmund is heavily wounded.
Edmund hits you with a +1 flail of holy wrath.
* * * LOW HITPOINT WARNING * * *
You hit Edmund.
Edmund is severely wounded.
You closely miss Edmund.
Edmund is severely wounded.
Edmund hits you with a +1 flail of holy wrath!
You die...

##############
#............#
#............#
#............#
#....@.......#
#...##@#######
#...##.### #...#....#
#...#....#...
#...(.(..'..(.((
#...##...#...(.. ###.
#...##...###...........
#..........#........#..
#..........#........#..


You could see Edmund (poisoned).

Vanquished Creatures
  2 hounds
  An orc priest (D:3)
  2 worker ants (D:4)
  4 gnolls
  7 adders
  A shadow imp (D:3)
  A worm (D:4)
  3 dart slugs
  3 leopard geckos
  6 orcs
  4 giant cockroaches
  4 goblins
  5 hobgoblins
  3 jackals (D:4)
  2 quokkas (D:2)
  3 ball pythons
  8 bats
  3 frilled lizards
  4 kobolds
  5 rats
71 creatures vanquished.

Notes
Turn   | Place    | Note
-------+----------+-------------------------------------------
     0 | D:1      | pkoi the Draconian Monk began the quest for the Orb.
     0 | D:1      | Reached XP level 1. HP: 19/19 MP: 1/1
   394 | D:1      | Reached XP level 2. HP: 26/26 MP: 2/2
   943 | D:2      | Reached XP level 3. HP: 30/31 MP: 3/3
   976 | D:2      | Reached skill level 4 in Unarmed Combat
  1077 | D:1      | Reached XP level 4. HP: 8/38 MP: 4/4
  1597 | D:2      | Reached skill level 5 in Unarmed Combat
  1817 | D:2      | Found a shimmering altar of Xom.
  1882 | D:2      | Reached XP level 5. HP: 40/45 MP: 5/5
  2630 | D:3      | Found a snail-covered altar of Cheibriados.
  3028 | D:3      | Found a runed translucent door.
  3028 | D:3      | Noticed bande's ghost (amateur GrFi)
  3205 | D:3      | Reached skill level 6 in Unarmed Combat
  3532 | D:4      | Reached XP level 6. HP: 28/51 MP: 6/6
  3937 | D:4      | Found a staircase to the Ecumenical Temple.
  3970 | Temple   | Entered the Ecumenical Temple
  4353 | Temple   | Became a worshipper of Dithmenos the Shadowed
  4353 | Temple   | Reached * piety under Dithmenos
  4353 | Temple   | Reached ** piety under Dithmenos
  4531 | D:4      | Noticed Edmund
  4583 | D:4      | Slain by Edmund

Illustrated notes

Levels and vault maps discovered:
D:1:      minmay_arrival_jagged, layout_basic
D:2:      layout_loops_cross, lemuel_doored_altar, minmay_small_reverse_x
D:3:      layout_loops_corners, nicolae_overflow_hidden_temple,
          ebering_ghost_inner_flame
D:4:      layout_gridville, minmay_temple_entry_mist, minmay_misc_feat_roman,
          kennysheep_generic_room_3, uniq_edmund
Temple:   minmay_temple_forest_path

Skill      XL: |  1  2  3  4  5 |
---------------+----------------+-----
Dodging        | 3 |  3.3
Unarmed Combat | 4 5 6 |  6.7
Fighting       | |  3.2
Stealth        | |  1.7

Action                   |  1- 3 |  4- 6 || total
-------------------------+-------+-------++-------
Melee: Unarmed           |    86 |   157 ||   243
       Tailslap          |     5 |    20 ||    25
       Punch             |     2 |     7 ||     9
Throw: Dart              |       |    83 ||    83
 Stab: Sleeping          |     2 |     3 ||     5
Armor: Skin              |    13 |    39 ||    52
Dodge: Dodged            |    60 |   111 ||   171

Table legend: (Time is in decaauts)
 A = Elapsed time spent in this place.
 B = Non-inter-level travel time spent in this place.
 C = Inter-level travel time spent in this place.
 D = Time resting spent in this place.
 E = Time spent auto-exploring this place.
 F = Levels seen in this place.
 G = Mean time per level.
                   A        B        C        D        E       F      G
               +--------+--------+--------+--------+--------+-----+--------+
         Total |   4567 |   4327 |    240 |   1026 |   2527 |   5 |  913.4 |
       Dungeon |   4157 |   3972 |    185 |   1026 |   2175 |   4 | 1039.2 |
        Temple |    409 |    355 |     54 |      0 |    352 |   1 |  409.0 |
               +--------+--------+--------+--------+--------+-----+--------+

Top non-repeatable levels by time:
     D:1: 1273 daAuts
     D:3: 1161 daAuts
     D:2: 988 daAuts
     D:4: 734 daAuts
  Temple: 409 daAuts
